 Dungeon Sprint DCSS version 0.19-a0-82-gd3566c2 (webtiles) character file.

163 Kidiri the Ruffian (level 5, 0/57 HPs)
             Began as a Troll Monk on May 15, 2016.
             Was a High Priest of Qazlal.
             Slain by an orc warrior
             ... wielding a +0 halberd
              (13 damage)
             ... in the Dungeon (Sprint VII: "The Pits").
             The game lasted 00:01:58 (222 turns).

Kidiri the Ruffian (Troll Monk)                      Turns: 222, Time: 00:01:58

Health: 0/57       AC:  8    Str: 20    XL:     5   Next: 20%
Magic:  6/6        EV: 12    Int:  6    God:    Qazlal [*****.]
Gold:   0          SH:  6    Dex: 12    Spells: 0 memorised, 4 levels left

rFire  . . .     SeeInvis .       - Unarmed
rCold  . . .     Gourm    +     a - +0 robe
rNeg   . . .     Faith    .     (no shield)
rPois  .         Spirit   .     (helmet restricted)
rElec  .         Dismiss  .     (no cloak)
rCorr  .         Reflect  .     (gloves unavailable)
SustAt .         Harm     .     (boots unavailable)
MR     .....     NoTele   +     (no amulet)
Stlth  +.........               (no ring)
                                (no ring)

@: protected from physical damage, repel missiles, not resistant to hostile
enchantments, very unstealthy
A: unfitting armour, claws 3, fast metabolism 3, gourmand, regeneration 2,
shaggy fur 1, tough skin 2
a: Upheaval, Elemental Force, Disaster Area, Renounce Religion


You were in the Dungeon.
You worshipped Qazlal.
Qazlal was extremely pleased with you.
You were not hungry.

You visited 1 branch

Inventory:

Armour
 a - a +0 robe (worn)
Scrolls
 h - a scroll of blinking
 m - 3 scrolls of remove curse
 n - 5 scrolls of amnesia
 o - a scroll of summoning
Potions
 c - 6 potions of curing
 d - 4 potions of heal wounds
 e - a potion of haste
 f - 4 potions of magic
 g - 3 potions of berserk rage
 l - 2 potions of invisibility
Comestibles
 b - 9 bread rations
 i - 12 chunks of flesh
 j - 40 fruits
 k - 7 meat rations


   Skills:
 * Level 5.0 Fighting
 + Level 2.7 Armour
 * Level 5.1 Dodging
 - Level 1.1 Stealth
 * Level 6.6 Unarmed Combat
 + Level 3.0 Invocations


You had 4 spell levels left.
You didn't know any spells.

Dungeon Overview and Level Annotations

Branches:
Dungeon (1/1)

Altars:
Ashenzari
Cheibriados
Dithmenos
Elyvilon
Fedhas
Gozag
Kikubaaqudgha
Makhleb
Nemelex Xobeh
Okawaru
Pakellas
Qazlal
Ru
Sif Muna
Trog
Vehumet
Xom
Yredelemnul
Zin
The Shining One
Beogh
Jiyva
Lugonu


Innate Abilities, Weirdness & Mutations

You are too large for most types of armour.
You have claws for hands.
Your metabolism is lightning-fast.
You like to eat raw meat.
You heal very quickly.
You are covered in fur (AC +1).
You have very tough skin (AC +2).


Message History

The orc wizard flickers and vanishes!
Deactivating autopickup; reactivate with Ctrl-A.
You block the orc warrior's attack.
You scratch the orc warrior.
The orc warrior is almost dead.
The orc warrior closely misses you.
You scratch the orc warrior but do no damage.
The orc warrior is almost dead.
You scratch the orc warrior but do no damage.
The orc warrior is almost dead.
The orc warrior hits you with a halberd!
* * * LOW HITPOINT WARNING * * *
You barely miss the orc warrior.
The orc warrior is almost dead.
The orc warrior closely misses you.
Unknown command.
You barely miss the orc warrior.
The orc warrior is almost dead.
The orc warrior hits you with a halberd!
You die...

#######+#####.....
#...........'.....
#'#####+#####.....
#.#..#.)#..##.....
#.#..+..+..#####+#
#.##+####+###.....
#.#........##.....
#)#......§.##.....
#@#####+#####...<.
#o#...)))[.##.....
#o#...)§)[.##.....
#g###########.....
#J{..go.# ######
#g.§#oo.# #...# .#
#.##. #.. #.


You could see an orc warrior, a jelly, 2 gnolls and an orc.

Vanquished Creatures
  A quasit (D)
  A gnoll shaman (D)
  An iguana (D)
  2 worker ants (D)
  A gnoll (D)
  An ooze (D)
  3 orcs (D)
  A giant cockroach (D)
  2 goblins (D)
  2 hobgoblins (D)
  2 rats (D)
17 creatures vanquished.

Vanquished Creatures (others)
  A spriggan defender (D)
1 creature vanquished.

Grand Total: 18 creatures vanquished

Notes
Turn   | Place    | Note
--------------------------------------------------------------
     0 | D        | Kidiri the Troll Monk began the quest for the Orb.
     0 | D        | Reached XP level 1. HP: 22/22 MP: 0/0
     8 | D        | Killed a spriggan defender
    32 | D        | Found a sacrificial altar of Ru.
    32 | D        | Found a basalt altar of Yredelemnul.
    32 | D        | Found a shadowy altar of Dithmenos.
    32 | D        | Found a deep blue altar of Sif Muna.
    32 | D        | Found a burning altar of Makhleb.
    32 | D        | Found a shimmering altar of Xom.
    32 | D        | Found an ancient bone altar of Kikubaaqudgha.
    32 | D        | Found a sparkling altar of Nemelex Xobeh.
    33 | D        | Found a glowing golden altar of the Shining One.
    33 | D        | Found a bloodstained altar of Trog.
    33 | D        | Found a shattered altar of Ashenzari.
    33 | D        | Found a white marble altar of Elyvilon.
    33 | D        | Found a snail-covered altar of Cheibriados.
    33 | D        | Found a blossoming altar of Fedhas.
    33 | D        | Found a radiant altar of Vehumet.
    33 | D        | Found a glowing silver altar of Zin.
    33 | D        | Found a corrupted altar of Lugonu.
    33 | D        | Found a viscous altar of Jiyva.
    33 | D        | Found a roughly hewn altar of Beogh.
    33 | D        | Found an iron altar of Okawaru.
    34 | D        | Found an oddly glowing altar of Pakellas.
    39 | D        | Found a stormy altar of Qazlal.
    39 | D        | Found an opulent altar of Gozag.
    43 | D        | Became a worshipper of Qazlal Stormbringer
    43 | D        | Reached * piety under Qazlal
    43 | D        | Reached ** piety under Qazlal
    84 | D        | Noticed a worker ant
    88 | D        | Killed a worker ant
    88 | D        | Reached skill level 1 in Armour
    88 | D        | Reached skill level 1 in Invocations
    88 | D        | Reached XP level 2. HP: 26/31 MP: 1/1
    88 | D        | Reached XP level 3. HP: 32/37 MP: 2/2
   100 | D        | Reached *** piety under Qazlal
   107 | D        | Reached skill level 5 in Unarmed Combat
   120 | D        | Reached **** piety under Qazlal
   182 | D        | Noticed an orc warrior
   190 | D        | Reached XP level 4. HP: 44/48 MP: 4/4
   198 | D        | Reached ***** piety under Qazlal
   198 | D        | Reached skill level 6 in Unarmed Combat
   207 | D        | Reached skill level 5 in Fighting
   207 | D        | Reached skill level 5 in Dodging
   207 | D        | Reached XP level 5. HP: 12/57 MP: 4/6
   222 | D        | Slain by an orc warrior

Vault maps used:
D:        pitsprint

Skill      XL: |  1  2  3  4 |
---------------+-------------+-----
Dodging        | 3 4 5 |  5.1
Fighting       | 3 4 5 |  5.0
Armour         | 1 2 |  2.7
Invocations    | 1 2 3 |  3.0
Unarmed Combat | 5 6 |  6.6
Stealth        | |  1.1

Action                   |  1- 3 |  4- 6 || total
-------------------------+-------+-------++-------
Melee: Unarmed           |    25 |    27 ||    52
       Punch             |     1 |     1 ||     2
  Use: Potion            |       |     2 ||     2
  Eat: Chunk             |     2 |       ||     2
Armor: Robe              |     5 |     3 ||     8
Dodge: Dodged            |    13 |     8 ||    21
Block: Other             |     3 |     8 ||    11
